 Dungeon Crawl Stone Soup version 0.23.2-1-ga50397a (webtiles) character file.

Game seed: 4306206141033444311

51 eccles the Digger (level 3, -1/19 HPs)
             Began as a Gargoyle Earth Elementalist on May 28, 2019.
             Slain by Sigmund
             ... wielding a +0 scythe
              (6 damage)
             ... on level 2 of the Dungeon.
             The game lasted 00:10:50 (1824 turns).

eccles the Digger (Gargoyle Earth Elementalist)     Turns: 1824, Time: 00:10:51

Health: -1/19      AC:  7    Str: 11    XL:     3   Next: 81%
Magic:  2/6        EV: 11    Int: 16    God:
Gold:   120        SH:  0    Dex: 10    Spells: 0/6 levels left

rFire    . . .     SeeInvis .   a - +1 short sword
rCold    . . .     Gourm    .   q - +0 buckler
rNeg     + . .     Faith    .   c - +0 robe
rPois    ∞         Spirit   .   (no helmet)
rElec    +         Reflect  .   f - +1 cloak
rCorr    .         Harm     .   (no gloves)
MR       .....                  (no boots)
Stlth    +.........             (no amulet)
HPRegen  0.06/turn              (no ring)
MPRegen  0.10/turn              (no ring)

@: confused
A: negative energy resistance 1, electricity resistance, unbreathing,
petrification resistance, rot immunity, AC +3
a: no special abilities


You were on level 2 of the Dungeon.
You were not hungry.

You visited 1 branch of the dungeon, and saw 2 of its levels.

You collected 120 gold pieces.

Inventory:

Hand Weapons
 a - a +1 short sword (weapon)
Missiles
 b - 94 stones (quivered)
Armour
 c - a +0 robe (worn)
 f - a +1 cloak (worn)
 q - a +0 buckler (worn)
Jewellery
 e - a +3 amulet of reflection {unknown}
 j - a cursed ring of attention {unknown}
 p - an uncursed ring of protection from fire {unknown}
Wands
 m - a wand of polymorph (9)
Scrolls
 h - 2 scrolls of teleportation
Potions
 g - a potion of brilliance
 i - a potion of lignification
 k - a potion of curing {unknown}
 o - a potion of heal wounds {unknown}
Comestibles
 d - 7 rations
 l - 2 chunks of flesh


   Skills:
 * Level 0.2 Fighting
 + Level 1.0 Short Blades
 + Level 1.7 Dodging
 + Level 2.5 Stealth
 * Level 2.3 Spellcasting
 + Level 0.7 Transmutations
 * Level 4.7 Earth Magic


You couldn't memorise any spells.
You knew the following spells:

 Your Spells              Type           Power        Failure   Level  Hunger
a - Sandblast             Erth           ###...       4%          1    #......
b - Passwall              Tmut/Erth      ##......     17%         2    ###....
c - Stone Arrow           Conj/Erth      #.....       36%         3    ###....

Your spell library contained the following spells:

 Spells                   Type           Power        Failure   Level  Hunger
 Petrify                  Tmut/Erth      ##......     73%         4    #####..
 Lee's Rapid Deconstruct  Erth           ###.......   80%         5    ######.


Dungeon Overview and Level Annotations

Branches:
Dungeon (2/15)

Altars:
Cheibriados
Dithmenos
Trog
Wu Jian
Yredelemnul

Annotations:
D:2 Sigmund


Innate Abilities, Weirdness & Mutations

You are resistant to torment.
Your stone body is resilient. (AC +3)
You are immune to poison.
You resist negative energy. (rN+)
You are resistant to electric shocks. (rElec)
You can survive without breathing.
You are immune to petrification.
You are immune to rotting.


Message History

Sigmund is severely wounded.
b - 94 stones Sigmund mumbles some strange words.
Sigmund flickers and vanishes!
Deactivating autopickup; reactivate with Ctrl-A.
Casting: Sandblast (safe; 4% risk of failure)
Confirm with . or Enter, or press ? or * to list all spells.
You can't see any susceptible monsters within range! (Use Z to cast anyway.) Unknown command.
You hear some strange, mumbled words.
Something tries to affect you, but you resist.
You miss something. Something hits you but does no damage.
You hit something but do no damage. You hit something. Something hits you!
* * * LOW HITPOINT WARNING * * *
You miss something.
You hear some strange, mumbled words.
You are confused.
You bump into the rock wall.
Something hits you.
You die...

## ############
#################.
...........#####.{..............#
.####..........#@###############.
#.# #.####.....>.# ###########.
##.##.# #####.### #...........
#...# # #.# ###.#####.##..
##.###. .## #.# #.....@.......
#.### ###.## #.# #.#.#####.#...
.###.##........# ...#.# #.....
..# #.#.#.########.#.... ###...
..####...#...≈≈≈....≈≈... #...


There were no monsters in sight!

Vanquished Creatures
  An adder (D:2)
  A worm (D:2)
  A dart slug (D:1)
  A leopard gecko (D:2)
  3 bats (D:1)
  6 giant cockroaches
  6 goblins
  3 hobgoblins
  3 kobolds
  4 frilled lizards
  5 rats
34 creatures vanquished.

Notes
Turn   | Place    | Note
-------+----------+-------------------------------------------
     0 | D:1      | eccles the Gargoyle Earth Elementalist began the quest for
                  | the Orb.
     0 | D:1      | Reached XP level 1. HP: 10/10 MP: 3/3
   176 | D:1      | Reached skill level 4 in Earth Magic
   222 | D:1      | Reached XP level 2. HP: 13/15 MP: 0/5
   964 | D:1      | Reached XP level 3. HP: 15/19 MP: 6/6
   969 | D:1      | Learned a level 2 spell: Passwall
   973 | D:1      | Learned a level 3 spell: Stone Arrow
  1533 | D:2      | Found a snail-covered altar of Cheibriados.
  1536 | D:2      | Found a shadowy altar of Dithmenos.
  1595 | D:2      | Found a faded altar of an unknown god.
  1650 | D:2      | Reached skill level 1 in Short Blades
  1662 | D:2      | Found an ornate altar of the Wu Jian Council.
  1662 | D:2      | Found a basalt altar of Yredelemnul.
  1665 | D:2      | Found a bloodstained altar of Trog.
  1766 | D:2      | Noticed Sigmund
  1824 | D:2      | Slain by Sigmund

Skill      XL: |  1  2  3 |
---------------+----------+-----
Earth Magic    | 4 |  4.7
Short Blades   | 1 |  1.0
Fighting       | |  0.2
Dodging        | |  1.7
Stealth        | |  2.5
Spellcasting   | |  2.3
Transmutations | |  0.7

Action                   || total
-------------------------++-------
Melee: Unarmed           ||    44
       Short sword       ||    92
 Cast: Sandblast         ||    24
  Use: Scroll            ||     6
 Stab: Sleeping          ||     2
  Eat: Chunk             ||     3
Armor: Robe              ||    43
Dodge: Dodged            ||   101
Block: Buckler           ||    10
